 Dungeon Crawl Stone Soup version 0.31-a0-819-gf6de2f5ab6 (webtiles) character file.

Game seed: 560500325614996866

17641 qw the Marksgargoyle (level 12, 0/77 HPs)
             Began as a Gargoyle Hunter on Sept 23, 2023.
             Was an Elder of Okawaru.
             Slain by a wolf (5 damage)
             ... on level 2 of the Lair of Beasts.
             The game lasted 00:04:33 (11070 turns).

qw the Marksgargoyle (Gargoyle Hunter)             Turns: 11070, Time: 00:04:34

Health: 0/77       AC: 22    Str: 15    XL:     12   Next: 50%
Magic:  16/17      EV: 16    Int: 11    God:    Okawaru [****..]
Gold:   652        SH:  0    Dex: 17    Spells: 11/11 levels left

rFire   . . .        Y - +1 arbalest
rCold   + . .        (shield currently unavailable)
rNeg    + . .        e - +3 ring mail
rPois   inf          (no helmet)
rElec   +            p - +1 cloak
rCorr   .            (no gloves)
SInv    .            c - +0 pair of boots of the Black Moon {Will+}
Will    +....        (no amulet)
Stlth   +++          b - +4 ring of slaying {mikee}
HPRegen 0.32/turn    (no ring)
MPRegen 0.15/turn

%: no passive effects
@: heroic
A: sickness immunity, AC +8, negative energy resistance 1, electricity
resistance, torment resistance 1, petrification resistance, cold resistance 1,
deterioration 1
a: Renounce Religion, Heroism, Finesse


You were on level 2 of the Lair of Beasts.
You worshipped Okawaru.
Okawaru was greatly pleased with you.
You visited 2 branches of the dungeon, and saw 12 of its levels.

You collected 652 gold pieces.


Innate Abilities, Weirdness & Mutations

You are immune to sickness and miasma.
Your stone body is resilient. (AC +8)
You are immune to poison.
You resist negative energy. (rN+)
You are resistant to electric shocks. (rElec)
You are resistant to unholy torment.
You are immune to petrification.
Your flesh is cold resistant. (rC+)
Your body sometimes deteriorates upon taking damage.


   Skills:
 - Level 10.1(15.1) Fighting
 + Level 15.6(20.6) Ranged Weapons
 - Level 5.0(10.0) Armour
 - Level 4.5(9.5) Dodging
 - Level 1.1(6.1) Stealth
 + Level 7.3 Invocations


You had 11 spell levels left.
You didn't know any spells.
Your spell library was empty.

Inventory:

Hand Weapons
 Y - a +1 arbalest (weapon)
Armour
 c - the +0 pair of boots of the Black Moon (worn) {Will+}
   (You acquired it on level 4 of the Dungeon)

   Will+:     It increases your willpower.
 e - a +3 ring mail (worn)
 o - a +0 robe of fire resistance
 p - a +1 cloak (worn)
Jewellery
 b - a +4 ring of slaying (left hand) {mikee}
Wands
 k - a wand of digging (2)
Scrolls
 a - 2 scrolls of identify
Potions
 d - 5 potions of curing
 f - a potion of might
 g - a potion of enlightenment
 i - 3 potions of cancellation
 l - a potion of haste
 n - a potion of mutation

Dungeon Overview and Level Annotations

Branches:
Dungeon (10/15)            Temple (0/1) D:7            Lair (2/5) D:10
  Snake (0/4) Lair:2          Orc (0/2) D:9
  Swamp: Lair:2-3    Shoals: Lair:2-3

Altars:
Elyvilon
Nemelex Xobeh
Okawaru
Vehumet
Xom
The Shining One

Annotations:
D:6 2 transporters, qw's ghost, novice MiHs


Message History

You shoot a bolt. The bolt hits the black mamba!!!
You kill the black mamba!
Okawaru accepts your kill. The wolf misses you. x3
The water moccasin completely misses you.
The wolf barely misses you. The wolf bites you.
The wolf bites you but does no damage.
11065 |||
Found retreat position at -1,-1 (plant; floor) with 0 blocking monsters and 3 monsters attacking at destination at distance 1 You shoot a bolt.
The bolt hits the water moccasin!!
You kill the water moccasin!
Okawaru accepts your kill.
The wolf bites you but does no damage. x2; The wolf bites you!
The wolf bites you but does no damage. The wolf completely misses you.
The wolf barely misses you. The wolf bites you but does no damage.
You feel your strength returning.
11066 |||
Found retreat position at -1,-1 (plant; floor) with 0 blocking monsters and 3 monsters attacking at destination at distance 1 You shoot a bolt.
The bolt barely misses the wolf.
The wolf bites you but does no damage. x2; The wolf closely misses you.
The wolf misses you. The wolf completely misses you.
The wolf barely misses you.
11067 |||
Found retreat position at -1,-1 (plant; floor) with 0 blocking monsters and 3 monsters attacking at destination at distance 1 You shoot a bolt.
The bolt hits the wolf.
The wolf is lightly wounded.
The wolf barely misses you. The wolf closely misses you. The wolf bites you.
The wolf misses you. The wolf bites you. The wolf closely misses you.
The wolf barely misses you. The wolf misses you.
11068 |||
Found retreat position at -1,-1 (plant; floor) with 0 blocking monsters and 3 monsters attacking at destination at distance 1 You shoot a bolt.
The bolt hits the wolf!!!
You kill the wolf!
Okawaru accepts your kill. The wolf closely misses you. The wolf bites you.
The wolf barely misses you. The wolf closely misses you.
The wolf bites you but does no damage.
You shoot a bolt. The bolt closely misses the wolf.
The wolf bites you. The wolf bites you but does no damage.
The wolf barely misses you. The wolf bites you. The wolf misses you.
The wolf completely misses you.
You shoot a bolt. The bolt hits the wolf!!!
You kill the wolf!
Okawaru accepts your kill. The wolf bites you. The wolf misses you.
The wolf bites you.
You die...

#.............%...
##.........%..%%...
#......#####.#.#P#.
#......## ########
##......# #
#.....## #
##......# #
#P.%...## #
##@h...# # ##hh...#
# #......# #
#......# # ##.....#
# ##.....# #
#......# # ##.....#
# #.....# #


You could see 3 wolves.

Vanquished Creatures
  2 two-headed ogres (D:10)
  Pikel (D:5)
  4 elephants (Lair:1)
  2 black mambas (Lair:2)
  Maurice (D:8)
  3 cane toads
  A kobold demonologist (D:10)
  3 komodo dragons
  Grinder (D:3)
  2 shadows (D:9)
  34 yaks
  A vampire (D:9)
  2 wyverns
  A basilisk (Lair:1)
  2 wraiths (D:10)
  A steam dragon (D:6)
  A two-headed ogre zombie (D:9)
  3 nagas (Lair:2)
  4 water moccasins
  3 orc warriors
  A black bear (D:6)
  An ice beast (D:5)
  A sky beast (D:8)
  3 centaurs
  7 wolves (Lair:2)
  2 ogres
  2 phantoms
  2 lemures (D:5)
  Blork the orc (D:5)
  A kobold brigand (D:6)
  12 bullfrogs
  3 scorpions
  A gnoll sergeant (D:8)
  3 wights (D:7)
  A troll zombie (D:9)
  4 howler monkeys
  5 jellies
  5 orc priests
  2 gnoll boudas
  3 hounds
  5 iguanas
  Jessica (D:3)
  9 orc wizards
  6 ogre zombies (D:9)
  7 adders
  16 gnolls
  9 river rats (D:6)
  2 shadow imps
  A white imp (D:8)
  2 ufetubi
  A worm (D:2)
  6 dart slugs
  37 orcs
  7 ball pythons
  2 endoplasms
  8 giant cockroaches
  6 hobgoblins
  11 quokkas
  4 bats
  A frilled lizard (D:2)
  13 goblins
  3 goblin zombies (D:9)
  2 hobgoblin skeletons (D:9)
  2 hobgoblin zombies (D:9)
  12 kobolds
  An orc skeleton (D:9)
  17 orc zombies (D:9)
  22 rats
345 creatures vanquished.

Vanquished Creatures (others)
  An orc (D:7)
1 creature vanquished.

Grand Total: 346 creatures vanquished

Notes
Turn   | Place    | Note
-------+----------+-------------------------------------------
     0 | D:1      | qw the Gargoyle Hunter began the quest for the Orb.
     0 | D:1      | Reached XP level 1. HP: 12/12 MP: 1/1
     0 | D:1      | 0 ||| qw: Version: 0.3-a-83-gcd0e7d8
     0 | D:1      | 0 ||| qw: Game counter: 1719
     0 | D:1      | 0 ||| qw: Melee chars always use a shield: true
     0 | D:1      | 0 ||| qw: God list: Okawaru
     0 | D:1      | 0 ||| qw: Allow faded altars: false
     0 | D:1      | 0 ||| qw: Do Orc after clearing Dungeon:15 true
     0 | D:1      | 0 ||| qw: Do second Lair branch before Depths: true
     0 | D:1      | 0 ||| qw: Lair rune preference: random
     0 | D:1      | 0 ||| qw: Goals: Normal
     0 | D:1      | 0 ||| PLANNING D:1-11
    38 | D:1      | Reached XP level 2. HP: 12/17 MP: 2/2
   247 | D:1      | Reached XP level 3. HP: 21/21 MP: 3/3
   269 | D:1      | Reached skill level 5 in Ranged Weapons
   315 | D:1      | Found a faded altar of an unknown god.
   537 | D:1      | 537 ||| UPGRADING to +0 cloak.
   542 | D:1      | 542 ||| UPGRADING to +0 ring mail.
   552 | D:1      | 552 ||| DROPPING +0 leather armour.
   553 | D:1      | 553 ||| READING 2 scrolls labelled ROZIER MAMEIFOU.
   554 | D:1      | 554 ||| READING scroll labelled LAKOK COSUOFF.
   571 | D:1      | 571 ||| READING scroll labelled POPLEF NUFODO.
   572 | D:1      | 572 ||| DRINKING 3 coppery potions.
   573 | D:1      | 573 ||| DROPPING scroll of butterflies.
   619 | D:2      | Reached skill level 1 in Armour
   725 | D:2      | Reached XP level 4. HP: 27/27 MP: 4/4
   789 | D:2      | Reached skill level 3 in Fighting
  1137 | D:2      | 1137 ||| UPGRADING to +4 ring of slaying {mikee}.
  1138 | D:2      | 1138 ||| READING scroll labelled CUD HYP COGY.
  1139 | D:2      | 1139 ||| READING 2 scrolls of identify.
  1139 | D:2      | 1139 ||| IDENTIFYING fizzy ruby potion
  1249 | D:3      | Noticed Grinder
  1260 | D:3      | Killed Grinder
  1261 | D:3      | Reached skill level 6 in Ranged Weapons
  1261 | D:3      | Reached XP level 5. HP: 20/32 MP: 5/5
  1261 | D:3      | Reached XP level 6. HP: 23/37 MP: 6/6
  1425 | D:3      | 1425 ||| DRINKING 2 potions of curing.
  1425 | D:3      | 1425 ||| (to cure confusion)
  1445 | D:3      | 1445 ||| FLEEEEING.
  1446 | D:3      | 1446 ||| FLEEEEING.
  1447 | D:3      | 1447 ||| FLEEEEING.
  1674 | D:3      | Noticed Jessica
  1676 | D:3      | Killed Jessica
  2220 | D:3      | 2220 ||| READING scroll labelled UTRATHRINEHO.
  2251 | D:4      | 2251 ||| STAIRDANCE
  2497 | D:4      | Reached skill level 7 in Ranged Weapons
  2603 | D:4      | Found a white marble altar of Elyvilon.
  2738 | D:4      | Reached XP level 7. HP: 43/43 MP: 7/7
  2940 | D:4      | Reached skill level 8 in Ranged Weapons
  3083 | D:4      | 3083 ||| SWAPPING to +0 arbalest.
  3084 | D:4      | 3084 ||| DROPPING +0 shortbow.
  3085 | D:4      | 3085 ||| READING scroll labelled GEREPT ANAEDGH.
  3085 | D:4      | Identified a scroll of acquirement
  3085 | D:4      | 3085 ||| ACQUIRING +0 pair of boots of the Black Moon
                  | {Will+}
  3085 | D:4      | Acquired the +0 pair of boots of the Black Moon {Will+}
  3087 | D:4      | 3087 ||| UPGRADING to +0 pair of boots of the Black Moon
                  | {Will+}.
  3092 | D:4      | 3092 ||| READING scroll labelled JIRUNAKEUKH.
  3115 | D:5      | Entered Level 5 of the Dungeon
  3195 | D:5      | Noticed Pikel
  3196 | D:5      | 3196 ||| RETREEAATING.
  3198 | D:5      | 3198 ||| Stepping ~*~*~tactically~*~*~ (retreating).
  3202 | D:5      | 3202 ||| Stepping ~*~*~tactically~*~*~ (retreating).
  3203 | D:5      | 3203 ||| Stepping ~*~*~tactically~*~*~ (retreating).
  3204 | D:5      | 3204 ||| Stepping ~*~*~tactically~*~*~ (retreating).
  3205 | D:5      | 3205 ||| Stepping ~*~*~tactically~*~*~ (retreating).
  3206 | D:5      | 3206 ||| Stepping ~*~*~tactically~*~*~ (retreating).
  3207 | D:5      | 3207 ||| Stepping ~*~*~tactically~*~*~ (retreating).
  3208 | D:5      | 3208 ||| Stepping ~*~*~tactically~*~*~ (retreating).
  3210 | D:5      | 3210 ||| Stepping ~*~*~tactically~*~*~ (retreating).
  3227 | D:5      | HP: 8/44 [Pikel/+1 whip of flaming (4)]
  3227 | D:5      | HP: 2/44 [lemure[Pikel] (4)]
  3228 | D:5      | 3228 ||| DRINKING 3 potions of heal wounds.
  3232 | D:5      | 3232 ||| DRINKING 2 potions of heal wounds.
  3233 | D:5      | Killed Pikel
  3234 | D:5      | Reached XP level 8. HP: 29/49 MP: 8/8
  3456 | D:5      | Reached skill level 9 in Ranged Weapons
  3535 | D:5      | Noticed Blork the orc
  3542 | D:5      | Killed Blork the orc
  3825 | D:5      | Reached XP level 9. HP: 55/55 MP: 9/9
  3835 | D:5      | Reached skill level 6 in Fighting
  3843 | D:5      | 3843 ||| FLEEEEING.
  3844 | D:5      | 3844 ||| FLEEEEING.
  3845 | D:5      | 3845 ||| FLEEEEING.
  3846 | D:5      | 3846 ||| FLEEEEING.
  3847 | D:5      | 3847 ||| FLEEEEING.
  3848 | D:5      | 3848 ||| FLEEEEING.
  3849 | D:5      | 3849 ||| FLEEEEING.
  3850 | D:5      | 3850 ||| FLEEEEING.
  3851 | D:5      | 3851 ||| FLEEEEING.
  3855 | D:5      | 3855 ||| FLEEEEING.
  3939 | D:5      | 3939 ||| FLEEEEING.
  3940 | D:5      | 3940 ||| FLEEEEING.
  3941 | D:5      | 3941 ||| FLEEEEING.
  3942 | D:5      | 3942 ||| FLEEEEING.
  3943 | D:5      | 3943 ||| FLEEEEING.
  3949 | D:5      | 3949 ||| FLEEEEING.
  3950 | D:5      | 3950 ||| FLEEEEING.
  3951 | D:5      | 3951 ||| FLEEEEING.
  3952 | D:5      | 3952 ||| FLEEEEING.
  3953 | D:5      | 3953 ||| FLEEEEING.
  3954 | D:5      | 3954 ||| FLEEEEING.
  3955 | D:5      | 3955 ||| FLEEEEING.
  3956 | D:5      | 3956 ||| FLEEEEING.
  3957 | D:5      | 3957 ||| FLEEEEING.
  3958 | D:5      | 3958 ||| FLEEEEING.
  3959 | D:5      | 3959 ||| FLEEEEING.
  3960 | D:5      | 3960 ||| FLEEEEING.
  3963 | D:5      | 3963 ||| FLEEEEING.
  3964 | D:5      | 3964 ||| FLEEEEING.
  3967 | D:5      | 3967 ||| FLEEEEING.
  3968 | D:5      | 3968 ||| FLEEEEING.
  3969 | D:5      | 3969 ||| FLEEEEING.
  4306 | D:5      | 4306 ||| READING scroll labelled CEWKAMA LEAVAC.
  4307 | D:5      | 4307 ||| DRINKING 2 inky potions.
  4308 | D:5      | 4308 ||| READING 2 scrolls of identify.
  4308 | D:5      | 4308 ||| IDENTIFYING fuming sapphire potion
  4395 | D:6      | Noticed qw's ghost (novice MiHs)
  4437 | D:6      | Found a transporter.
  4451 | D:6      | Found a transporter.
  4627 | D:6      | Reached skill level 10 in Ranged Weapons
  4787 | D:6      | Found an iron altar of Okawaru.
  4789 | D:6      | 4789 ||| PLANNING OKAWARU WORSHIP
  4789 | D:6      | 4789 ||| UPGRADING to +3 ring mail.
  4799 | D:6      | 4799 ||| DROPPING +0 ring mail.
  4800 | D:6      | 4800 ||| DRINKING 4 bubbling puce potions.
  4801 | D:6      | 4801 ||| READING 2 scrolls of identify.
  4801 | D:6      | 4801 ||| IDENTIFYING fuming emerald potion
  4802 | D:6      | 4802 ||| DROPPING potion of lignification.
  4805 | D:6      | Became a worshipper of Warmaster Okawaru
  4806 | D:6      | 4806 ||| PLANNING D:1-11
  4825 | D:6      | Found a glowing golden altar of the Shining One.
  5107 | D:6      | Reached skill level 3 in Armour
  5423 | D:7      | 5423 ||| STAIRDANCE
  5432 | D:7      | 5432 ||| STAIRDANCE
  5441 | D:7      | 5441 ||| STAIRDANCE
  5466 | D:7      | 5466 ||| STAIRDANCE
  5471 | D:6      | Reached * piety under Okawaru
  5472 | D:6      | Reached skill level 11 in Ranged Weapons
  5524 | D:7      | 5524 ||| INVOKING Heroism.
  5525 | D:7      | 5525 ||| STAIRDANCE
  5546 | D:7      | 5546 ||| STAIRDANCE
  5567 | D:7      | 5567 ||| STAIRDANCE
  5610 | D:7      | 5610 ||| STAIRDANCE
  5831 | D:7      | 5831 ||| INVOKING Heroism.
  5919 | D:7      | Noticed a komodo dragon
  5922 | D:7      | Killed a komodo dragon
  5923 | D:7      | Reached XP level 10. HP: 64/64 MP: 10/10
  6015 | D:7      | Reached skill level 1 in Invocations
  6030 | D:7      | Found a staircase to the Ecumenical Temple.
  6280 | D:7      | 6280 ||| UPGRADING to +1 cloak.
  6290 | D:7      | 6290 ||| DROPPING +0 cloak.
  6291 | D:7      | 6291 ||| READING scroll labelled ZOIRUI URCHULL.
  6292 | D:7      | 6292 ||| READING scroll labelled BAOFIXZITU.
  6293 | D:7      | 6293 ||| DRINKING 2 blue potions.
  6398 | D:7      | 6398 ||| DRINKING 2 ruby potions.
  6398 | D:7      | Gained mutation: Your body sometimes deteriorates upon
                  | taking damage. [potion of mutation]
  6398 | D:7      | Gained mutation: Your flesh is cold resistant. (rC+)
                  | [potion of mutation]
  6399 | D:7      | 6399 ||| READING 2 scrolls of identify.
  6399 | D:7      | 6399 ||| IDENTIFYING fuming cyan potion
  6400 | D:7      | 6400 ||| DROPPING potion of degeneration.
  6401 | D:7      | 6401 ||| DROPPING potion of berserk rage.
  6417 | D:8      | 6417 ||| RETREEAATING.
  6418 | D:8      | 6418 ||| STILL RETREEAATING.
  6432 | D:8      | Reached skill level 3 in Invocations
  6550 | D:8      | 6550 ||| Stepping ~*~*~tactically~*~*~ (retreating).
  6553 | D:8      | 6553 ||| Stepping ~*~*~tactically~*~*~ (retreating).
  6554 | D:8      | 6554 ||| Stepping ~*~*~tactically~*~*~ (retreating).
  6555 | D:8      | 6555 ||| Stepping ~*~*~tactically~*~*~ (retreating).
  6556 | D:8      | 6556 ||| Stepping ~*~*~tactically~*~*~ (retreating).
  6557 | D:8      | 6557 ||| Stepping ~*~*~tactically~*~*~ (retreating).
  6559 | D:8      | 6559 ||| INVOKING Heroism.
  6565 | D:8      | HP: 8/64 [yak (13)]
  6566 | D:8      | 6566 ||| DRINKING 2 potions of heal wounds.
  6569 | D:8      | Reached ** piety under Okawaru
  6570 | D:8      | 6570 ||| DRINKING potion of heal wounds.
  6573 | D:8      | 6573 ||| INVOKING Heroism.
  6575 | D:8      | HP: 16/64 [yak (5)]
  6576 | D:8      | Reached skill level 12 in Ranged Weapons
  6579 | D:8      | HP: 7/64 [something (3)]
  6617 | D:8      | 6617 ||| INVOKING Heroism.
  7028 | D:8      | Noticed Maurice
  7041 | D:8      | Killed Maurice
  7252 | D:8      | Found a sparkling altar of Nemelex Xobeh.
  7399 | D:8      | 7399 ||| READING scroll labelled KIGATR IFELARPH.
  7400 | D:8      | 7400 ||| READING scroll labelled KIMMADD GEGAPE.
  7472 | D:9      | 7472 ||| RETREEAATING.
  7484 | D:9      | 7484 ||| INVOKING Heroism.
  7552 | D:9      | Found a staircase to the Orcish Mines.
  7566 | D:9      | 7566 ||| INVOKING Heroism.
  7590 | D:9      | 7590 ||| INVOKING Heroism.
  7603 | D:9      | 7603 ||| INVOKING Heroism.
  7765 | D:9      | Reached skill level 13 in Ranged Weapons
  7768 | D:9      | Reached XP level 11. HP: 63/69 MP: 14/14
  7836 | D:9      | 7836 ||| RETREEAATING.
  7837 | D:9      | 7837 ||| STILL RETREEAATING.
  7838 | D:9      | 7838 ||| STILL RETREEAATING.
  7845 | D:9      | Reached skill level 9 in Fighting
  7857 | D:9      | 7857 ||| INVOKING Heroism.
  8117 | D:9      | 8117 ||| INVOKING Heroism.
  8148 | D:9      | 8148 ||| INVOKING Heroism.
  8180 | D:9      | Found a radiant altar of Vehumet.
  8499 | D:9      | 8499 ||| DRINKING 2 metallic golden potions.
  8526 | D:10     | Entered Level 10 of the Dungeon
  8530 | D:10     | Noticed a two-headed ogre
  8531 | D:10     | 8531 ||| INVOKING Heroism.
  8534 | D:10     | Killed a two-headed ogre
  8535 | D:10     | Reached skill level 14 in Ranged Weapons
  8642 | D:10     | Reached *** piety under Okawaru
  8808 | D:10     | Noticed a two-headed ogre
  8809 | D:10     | 8809 ||| INVOKING Heroism.
  8811 | D:10     | Killed a two-headed ogre
  8835 | D:10     | Found a shimmering altar of Xom.
  9162 | D:10     | 9162 ||| INVOKING Heroism.
  9289 | D:10     | Found a staircase to the Lair.
  9407 | D:10     | 9407 ||| PLANNING LAIR
  9407 | D:10     | 9407 ||| READING scroll labelled CUKHEO BUUXAKH.
  9408 | D:10     | 9408 ||| READING scroll labelled PITYIST AWKOFU.
  9579 | Lair:1   | Entered Level 1 of the Lair of Beasts
  9580 | Lair:1   | 9580 ||| STAIRDANCE
  9605 | Lair:1   | 9605 ||| STAIRDANCE
  9747 | Lair:1   | 9747 ||| INVOKING Heroism.
  9793 | Lair:1   | Reached **** piety under Okawaru
  9794 | Lair:1   | Reached skill level 15 in Ranged Weapons
  9854 | Lair:1   | Reached XP level 12. HP: 67/77 MP: 15/15
  9979 | Lair:1   | 9979 ||| RETREEAATING.
  9981 | Lair:1   | 9981 ||| STILL RETREEAATING.
  9982 | Lair:1   | 9982 ||| STILL RETREEAATING.
  9983 | Lair:1   | 9983 ||| STILL RETREEAATING.
  9984 | Lair:1   | 9984 ||| STILL RETREEAATING.
  9989 | Lair:1   | 9989 ||| RETREEAATING.
  9996 | Lair:1   | 9996 ||| INVOKING Heroism.
 10003 | Lair:1   | HP: 15/77 [yak (8)]
 10004 | Lair:1   | 10004 ||| READING scroll of teleportation.
 10004 | Lair:1   | HP: 4/77 [yak (11)]
 10005 | Lair:1   | 10005 ||| DRINKING potion of heal wounds.
 10174 | Lair:1   | 10174 ||| INVOKING Heroism.
 10338 | Lair:1   | 10338 ||| RETREEAATING.
 10339 | Lair:1   | 10339 ||| STILL RETREEAATING.
 10340 | Lair:1   | 10340 ||| STILL RETREEAATING.
 10341 | Lair:1   | 10341 ||| Stepping ~*~*~tactically~*~*~ (retreating).
 10347 | Lair:1   | 10347 ||| INVOKING Heroism.
 10354 | Lair:1   | Reached skill level 6 in Invocations
 10624 | Lair:1   | 10624 ||| DROPPING +0 leather armour of cold resistance.
 10625 | Lair:1   | 10625 ||| DROPPING amulet of magic regeneration.
 10626 | Lair:1   | 10626 ||| READING 3 scrolls of identify.
 10626 | Lair:1   | 10626 ||| IDENTIFYING fizzy purple potion
 10627 | Lair:1   | 10627 ||| DROPPING potion of brilliance.
 10711 | Lair:2   | 10711 ||| INVOKING Heroism.
 10848 | Lair:2   | Found a staircase to the Snake Pit.
 10864 | Lair:2   | 10864 ||| INVOKING Heroism.
 10916 | Lair:2   | 10916 ||| INVOKING Heroism.
 11046 | Lair:2   | 11046 ||| RETREEAATING.
 11047 | Lair:2   | 11047 ||| STILL RETREEAATING.
 11048 | Lair:2   | 11048 ||| STILL RETREEAATING.
 11049 | Lair:2   | 11049 ||| Stepping ~*~*~tactically~*~*~ (retreating).
 11050 | Lair:2   | 11050 ||| Stepping ~*~*~tactically~*~*~ (retreating).
 11051 | Lair:2   | 11051 ||| Stepping ~*~*~tactically~*~*~ (retreating).
 11052 | Lair:2   | 11052 ||| Stepping ~*~*~tactically~*~*~ (retreating).
 11060 | Lair:2   | 11060 ||| INVOKING Heroism.
 11067 | Lair:2   | HP: 16/77 [wolf (5)]
 11069 | Lair:2   | HP: 6/77 [wolf (3)]
 11070 | Lair:2   | Slain by a wolf

Levels and vault maps discovered:
D:1:      scummos_arrival_gate, layout_loops_ring,
          chequers_ecumenical_altar_simple, minmay_pentomino_p4
D:2:      wad_pebble_path, layout_rooms, kennysheep_nub, minmay_cupped
D:3:      layout_basic, nicolae_eternal_life, minmay_misc_feat_roman,
          uniq_jessica, uniq_grinder
D:4:      layout_basic, elyvilon_altar_1
D:5:      corexii_shack_village, layout_loops_ring, kennysheep_cross_bottleneck,
          uniq_blork_the_orc, uniq_pikel
D:6:      lemuel_ratsnest, layout_loops_ring, mainiacjoe_overflow_swirl,
          gammafunk_ghost_stat_death
D:7:      layout_loops_cross, temple_hall, grunt_ministairs_9
D:8:      layout_gridville, nemelex_diamond_rough_becter, serial_bayou_crossing,
          uniq_maurice
D:9:      layout_big_octagon, kennysheep_little_box, zombieorc2_lemuel
D:10:     layout_stronghold, xom_teletrap_fun, lair_entry_dummy
Lair:1:   layout_chaotic_city
Lair:2:   layout_big_grid, minmay_shoals_entry_lonely_mermaid,
          nicolae_snake_entry_squirm, ebering_ghost_reflecting_pool,
          eino_house_with_fridge

Skill      XL: |  1  2  3  4  5  6  7  8  9 10 11 12 |
---------------+-------------------------------------+-----
Ranged Weapons | 5 6 7 8 9 11 13 15 | 15.6
Armour         | 1 2 3 4 5 |  5.0
Fighting       | 3 4 5 8 10 | 10.1
Dodging        | 4 |  4.5
Invocations    | 4 7 |  7.3
Stealth        | |  1.1

Action                     |  1- 3 |  4- 6 |  7- 9 | 10-12 || total
---------------------------+-------+-------+-------+-------++-------
   Fire: Shortbow          |    97 |   114 |    38 |       ||   249
         Arbalest          |       |       |   303 |   491 ||   794
 Invoke: Heroism           |       |       |     2 |    21 ||    23
    Use: Scroll            |     3 |     3 |     5 |     9 ||    20
         Potion            |     1 |     1 |     4 |     6 ||    12
 Armour: Leather armour    |    13 |       |       |       ||    13
         Ring mail         |     4 |    33 |   182 |   313 ||   532
  Dodge: Dodged            |    20 |    26 |   212 |   303 ||   561

Table legend:
 A = Non-vault XP
 B = Vault XP
 C = Vault XP percentage of total XP
 D = Non-vault monster count
 E = Vault monster count
 F = Vault count percentage of total count
                 A         B        C        D         E       F
            +---------+---------+-------+---------+---------+-------
      Total |   21541 |    3776 |  14.9 |     238 |     105 |  30.6
            +---------+---------+-------+---------+---------+-------
        D:1 |      47 |      11 |  19.0 |      25 |       5 |  16.7
        D:2 |      56 |       7 |  11.1 |      17 |       4 |  19.0
        D:3 |      69 |     309 |  81.7 |      14 |       2 |  12.5
        D:4 |     496 |       0 |   0.0 |      15 |       0 |   0.0
        D:5 |     818 |     769 |  48.5 |      25 |      12 |  32.4
        D:6 |     983 |     766 |  43.8 |      26 |      41 |  61.2
        D:7 |    1061 |       3 |   0.3 |      13 |       1 |   7.1
        D:8 |    2330 |     472 |  16.8 |      22 |       1 |   4.3
        D:9 |    2740 |     960 |  25.9 |      29 |      36 |  55.4
       D:10 |    4058 |       0 |   0.0 |      14 |       0 |   0.0
     Lair:1 |    6046 |       0 |   0.0 |      24 |       0 |   0.0
     Lair:2 |    2837 |     479 |  14.4 |      14 |       3 |  17.6
            +---------+---------+-------+---------+---------+-------
